 Dungeon Crawl Stone Soup version 0.22.0-38-g04b72b8 (webtiles) character file.

102 leisz the Poker (level 4, 0/33 HPs)
             Began as a Merfolk Skald on Aug 30, 2018.
             Splashed by a jelly's acid (3 damage)
             ... on level 2 of the Dungeon.
             The game lasted 00:03:43 (2015 turns).

leisz the Poker (Merfolk Skald)                     Turns: 2015, Time: 00:03:44

Health: 0/33       AC:  0    Str: 11    XL:     4   Next: 77%
Magic:  2/7        EV: 12    Int: 13    God:
Gold:   99         SH:  0    Dex: 13    Spells: 6/7 levels left

rFire    . . .     SeeInvis .   a - +0 spear
rCold    . . .     Gourm    .   (no shield)
rNeg     . . .     Faith    .   b - +0 leather armour
rPois    .         Spirit   .   (no helmet)
rElec    .         Reflect  .   (no cloak)
rCorr    .         Harm     .   (no gloves)
MR       .....                  (no boots)
Stlth    +.........             (no amulet)
HPRegen  0.11/turn              (no ring)
MPRegen  0.10/turn              (no ring)

@: corroded
A: change form in water, swift swim, stealthy swim
a: no special abilities


You were on level 2 of the Dungeon.
You were hungry.

You visited 1 branch of the dungeon, and saw 2 of its levels.

You collected 99 gold pieces.

Inventory:

Hand Weapons
 a - a +0 spear (weapon)
Missiles
 e - 65 stones (quivered)
Armour
 b - a +0 leather armour (worn)
Scrolls
 g - a scroll of magic mapping {unknown}
 j - 4 scrolls of identify {unknown}
 n - a scroll of fog {unknown}
Potions
 c - a potion of curing {unknown}
 f - a potion of haste {unknown}
 h - a potion of agility {unknown}
 i - a potion of mutation {unknown}
 k - a potion of flight {unknown}
 l - 2 potions of heal wounds {unknown}
Comestibles
 d - 3 rations


   Skills:
 - Level 2.1 Fighting
 + Level 5.3 Polearms
 - Level 0.6 Armour
 - Level 2.6 Dodging
 - Level 2.0 Spellcasting
 + Level 4.7 Charms


You had 6 spell levels left.
You knew the following spells:

 Your Spells              Type           Power        Failure   Level  Hunger
a - Infusion              Chrm           ##..         4%          1    ##.....

Your spell library contained the following spells:

 Spells                   Type           Power        Failure   Level  Hunger
 Song of Slaying          Chrm           ##......     7%          2    ###....
 Shroud of Golubria       Chrm/Tloc      #.........   19%         2    ###....
 Regeneration             Chrm/Necr      #.........   36%         3    ####...
 Spectral Weapon          Hex/Chrm       #.......     36%         3    ####...


Dungeon Overview and Level Annotations

Branches:
Dungeon (2/15)

Altars:


Message History

The ooze is almost dead.
The ooze jiggles.
The ooze hits you.
You hit the ooze but do no damage.
The ooze is almost dead.
You hit the ooze.
You kill the ooze!
You hit the ooze.
The ooze is almost dead.
The ooze barely misses you.
You hit the ooze.
You kill the ooze!
You hit the jelly. The acid corrodes you!
Your hands burn!
The jelly is lightly wounded.
The jelly hits you.
* * * LOW HITPOINT WARNING * * *
You are splashed with acid!
The acid burns!
* * * LOW HITPOINT WARNING * * *
You hit the jelly.
Your hands burn!
You die...

...#####...)....#................
................#................
..........<.....####.............
...........#...............#####.
####.........###################.
#.############ #.... #)#
#######.##.÷.÷.(# ##....
#.####....#.#.#..PPP.##.......
#..##.....#.#@#JJ....##.......
#..)).....#'#J#PP...P##.......
#..'........#.#.....÷###......
##.'........#.#PPJ÷..# #......
#.##.......#.#.J....# .......
#####......##'..P.PP# .......
##########÷.....# ...... #######
..###


You could see a jelly.

Vanquished Creatures
  A jelly (D:2)
  2 adders (D:2)
  5 oozes (D:2)
  5 bats
  3 giant cockroaches
  4 hobgoblins
  2 ball pythons (D:2)
  3 goblins
  9 kobolds
34 creatures vanquished.

Vanquished Creatures (others)
  4 fungi (D:2)
  4 toadstools (D:2)
8 creatures vanquished.

Grand Total: 42 creatures vanquished

Notes
Turn   | Place    | Note
-------+----------+-------------------------------------------
     0 | D:1      | leisz the Merfolk Skald began the quest for the Orb.
     0 | D:1      | Reached XP level 1. HP: 16/16 MP: 3/3
   205 | D:1      | Reached XP level 2. HP: 14/22 MP: 5/5
   911 | D:2      | Reached skill level 4 in Polearms
   911 | D:2      | Reached XP level 3. HP: 11/27 MP: 3/6
  1980 | D:2      | Reached skill level 5 in Polearms
  1980 | D:2      | Reached XP level 4. HP: 32/33 MP: 3/7
  2015 | D:2      | Splashed by a jelly's acid

Skill      XL: |  1  2  3 |
---------------+----------+-----
Polearms       | 4 5 |  5.3
Charms         | 4 |  4.7
Fighting       | |  2.1
Armour         | |  0.6
Dodging        | |  2.6
Spellcasting   | |  2.0

Action                   |  1- 3 |  4- 6 || total
-------------------------+-------+-------++-------
Melee: Spear             |   123 |    28 ||   151
 Cast: Infusion          |     4 |       ||     4
  Eat: Chunk             |     3 |       ||     3
Armor: Leather armour    |    25 |     3 ||    28
Dodge: Dodged            |    71 |    10 ||    81
